[Event "Titled Tuesday Blitz October 11 Early 2022"]
[White "Chernomordik, Pavel"]
[Black "Kaganskiy, Gleb"]
[WhiteFideId "2804530"]
[BlackFideId "4132025"]
[WhiteElo "2217"]
[BlackElo "2165"]
[Result "1-0"]
[Round "11"]
[TimeControl "180+1"]
[Date "2022.10.12"]
[WhiteClock "0:00:36"]
[BlackClock "0:00:04"]

1. e4 e6 2. Nc3 d5 3. d4 Bb4 4. Ne2 dxe4 5. a3 Bxc3+ 6. Nxc3 Nf6 7. Bg5 h6 8. Bh4 Nc6 9. Bb5 Bd7 10. O-O a6 11. Bc4 b5 12. Ba2 g5 13. Bg3 Ne7 14. Be5 Ng6 15. Bxf6 Qxf6 16. Nxe4 Qe7 17. d5 Rd8 18. Qd4 e5 19. Qc3 Bf5 20. Rfe1 Bxe4 21. Rxe4 Rd6 22. Rae1 f6 23. a4 O-O 24. axb5 axb5 25. Qc5 Rb8 26. Rb4 Kg7 27. Rxb5 Rxb5 28. Qxb5 Rb6 29. Qd3 Rxb2 30. Bb1 Nf4 31. Qe4 Qb4 32. c4 Ne2+ 33. Kf1 Rxb1 34. Rxb1 Nc3 35. Rxb4 Nxe4 36. Rb7 Nd2+ 37. Ke2 Nb3 38. Rxb3 1-0


[Site "https://www.chess.com"]

[Event "Titled Tuesday Blitz October 11 Early 2022"]
[White "Chigaev, Maksim"]
[Black "Visakh N R"]
[WhiteFideId "4108116"]
[BlackFideId "25012223"]
[WhiteElo "2537"]
[BlackElo "2466"]
[Result "0-1"]
[Round "11"]
[TimeControl "180+1"]
[Date "2022.10.11"]
[WhiteClock "0:00:12"]
[BlackClock "0:00:52"]

1. Nf3 d5 2. c4 e6 3. g3 Nf6 4. Bg2 Be7 5. O-O O-O 6. b3 d4 7. e3 c5 8. Ne5 Qc7 9. f4 Rd8 10. Qe2 Bd7 11. exd4 cxd4 12. d3 Nc6 13. Nxd7 Nxd7 14. Nd2 Nc5 15. f5 exf5 16. Rxf5 Nb4 17. Ba3 Ncxd3 18. Raf1 f6 19. Rb5 Rab8 20. Qe6+ Kh8 21. Rh5 g6 22. Rxh7+ Kxh7 23. Qf7+ Kh6 24. Rxf6 Ne5 25. Rxg6+ Nxg6 26. Ne4 d3 27. Bxb4 Qb6+ 0-1


[Site "https://www.chess.com"]

[Event "Titled Tuesday Blitz October 11 Early 2022"]
[White "Clawitter, Craig"]
[Black "Omariev, Maksim"]
[WhiteFideId "2023105"]
[BlackFideId "4193423"]
[WhiteElo "2281"]
[BlackElo "2404"]
[Result "0-1"]
[Round "11"]
[TimeControl "180+1"]
[Date "2022.10.12"]
[WhiteClock "0:00:01"]
[BlackClock "0:01:02"]

1. e4 h5 2. d4 h4 3. h3 c6 4. Nf3 d5 5. e5 Bf5 6. c4 e6 7. Nc3 dxc4 8. Bxc4 Nd7 9. Qe2 Be7 10. Bf4 Nh6 11. O-O Nb6 12. Bb3 Bg6 13. Rfd1 Bh5 14. Ne4 Nf5 15. Rac1 Nd5 16. Bh2 g5 17. Qd3 g4 18. hxg4 Bxg4 19. Nc3 h3 20. Qe4 Rg8 21. Rd3 hxg2 22. Nxd5 exd5 23. Qf4 Qd7 24. e6 Qxe6 25. Re1 Qf6 26. Qc7 Kf8 27. Ne5 Qh4 28. Rg3 Re8 29. Rxg4 Rxg4 30. Nxg4 Qxg4 0-1


[Site "https://www.chess.com"]

[Event "Titled Tuesday Blitz October 11 Early 2022"]
[White "Cnejev, Vladimir-Alexandru"]
[Black "Fernandez Garcia, Gumersindo"]
[WhiteFideId "1260898"]
[BlackFideId "24516740"]
[WhiteElo "2193"]
[BlackElo "2072"]
[Result "0-1"]
[Round "11"]
[TimeControl "180+1"]
[Date "2022.10.12"]
[WhiteClock "0:01:05"]
[BlackClock "0:00:54"]

1. e4 d6 2. d4 Nf6 3. Nd2 e5 4. c3 c6 5. Ngf3 Be7 6. dxe5 dxe5 7. Nxe5 O-O 8. Be2 Re8 9. Nef3 Bc5 10. Qc2 Bg4 11. O-O Nbd7 12. Bd3 Ne5 13. Nxe5 Rxe5 14. h3 Rh5 15. b4 Bb6 16. hxg4 Nxg4 17. Nf3 Ne5 18. Nd4 Bxd4 19. cxd4 Nf3+ 20. gxf3 Qh4 0-1


[Site "https://www.chess.com"]

[Event "Titled Tuesday Blitz October 11 Early 2022"]
[White "Costachi, Mihnea"]
[Black "Indjic, Aleksandar"]
[WhiteFideId "1217518"]
[BlackFideId "911925"]
[WhiteElo "2437"]
[BlackElo "2592"]
[Result "0-1"]
[Round "11"]
[TimeControl "180+1"]
[Date "2022.10.11"]
[WhiteClock "0:00:04"]
[BlackClock "0:00:53"]

1. d4 Nf6 2. c4 e6 3. Nf3 c5 4. d5 d6 5. Nc3 exd5 6. cxd5 g6 7. Nd2 Bg7 8. e4 O-O 9. Be2 Re8 10. O-O Nbd7 11. h3 h6 12. f4 c4 13. Bxc4 Nc5 14. e5 dxe5 15. fxe5 Rxe5 16. Nf3 Re8 17. d6 Be6 18. Bxe6 Rxe6 19. Bf4 Nfe4 20. Nxe4 Nxe4 21. Qd5 Nxd6 22. Kh1 Qb6 23. Be5 Rae8 24. Bxg7 Kxg7 25. Rae1 Nf5 26. Kh2 Qc7+ 27. Kg1 Qg3 28. Rxe6 Rxe6 29. Qd2 Ne3 30. Rc1 Nf5 31. Qf2 Qf4 32. Qd2 Qxd2 33. Nxd2 Re2 34. Nc4 b5 35. Na3 Rxb2 36. Rc7 a5 37. Rb7 b4 38. Nc4 Rxa2 39. Ne5 Kf6 40. Nxf7 h5 41. Nd8 h4 42. Rb6+ Ke5 43. Nf7+ Kf4 44. Rxg6 b3 45. Rg4+ Ke3 46. Ne5 Ra1+ 47. Kh2 a4 48. Nc4+ Ke2 0-1


[Site "https://www.chess.com"]

[Event "Titled Tuesday Blitz October 11 Early 2022"]
[White "Cramling Bellon, Anna"]
[Black "Rosenberg, Evan S"]
[WhiteFideId "32009232"]
[BlackFideId "2019299"]
[WhiteElo "1972"]
[BlackElo "2406"]
[Result "1-0"]
[Round "11"]
[TimeControl "180+1"]
[Date "2022.10.12"]
[WhiteClock "0:00:30"]
[BlackClock "0:00:14"]

1. d4 Nf6 2. c4 c5 3. d5 e5 4. Nc3 d6 5. e4 Be7 6. g3 Nbd7 7. Bg2 a6 8. a4 b6 9. Nge2 Rb8 10. O-O h5 11. h4 Ng4 12. f3 Bxh4 13. gxh4 Qxh4 14. fxg4 hxg4 15. Qd3 Qh2+ 16. Kf2 Rh3 17. Ng3 Nf6 18. Rh1 Qxh1 19. Bxh1 Nh5 20. Bg2 Rxg3 21. Qxg3 Nxg3 22. Kxg3 f5 23. exf5 Bxf5 24. Ne4 Kd7 25. Bg5 b5 26. axb5 axb5 27. Ra7+ 1-0


[Site "https://www.chess.com"]

[Event "Titled Tuesday Blitz October 11 Early 2022"]
[White "Dehtiarov, Roman"]
[Black "Mikhailovsky, Vladimir"]
[WhiteFideId "14186640"]
[BlackFideId "34105414"]
[WhiteElo "2200"]
[BlackElo "2297"]
[Result "1-0"]
[Round "11"]
[TimeControl "180+1"]
[Date "2022.10.12"]
[WhiteClock "0:00:05"]
[BlackClock "0:00:02"]

1. e4 e5 2. Nf3 d5 3. Nxe5 Bd6 4. d4 dxe4 5. Nc4 Nf6 6. Nc3 O-O 7. Be3 Re8 8. Be2 Nc6 9. Qd2 Nb4 10. a3 Nbd5 11. Nxd5 Nxd5 12. Nxd6 Qxd6 13. c4 Nxe3 14. fxe3 c5 15. d5 Re5 16. O-O-O Bd7 17. Rhf1 a6 18. Rf4 b5 19. Rdf1 f6 20. Qc2 Rae8 21. g4 bxc4 22. Bxc4 Bb5 23. b3 Bd7 24. h3 a5 25. a4 h5 26. Qc3 Qb6 27. gxh5 Rxh5 28. d6+ Kh7 29. Rxf6 Ree5 30. Rf7 Qxd6 31. Rd1 Qg6 32. Rdxd7 Qg1+ 33. Kb2 Rhg5 34. Rxg7+ Rxg7 35. Qxe5 Qf2+ 36. Ka3 Rxd7 37. Qxe4+ Kg7 38. Qg4+ 1-0


[Site "https://www.chess.com"]

[Event "Titled Tuesday Blitz October 11 Early 2022"]
[White "Demin, Vladimir"]
[Black "Molina, Roberto Junio Brito"]
[WhiteFideId "4167457"]
[BlackFideId "2109450"]
[WhiteElo "2572"]
[BlackElo "2388"]
[Result "0-1"]
[Round "11"]
[TimeControl "180+1"]
[Date "2022.10.11"]
[WhiteClock "0:00:30"]
[BlackClock "0:01:36"]

1. d4 c6 2. e4 d5 3. exd5 cxd5 4. Bd3 Nc6 5. c3 Qc7 6. Nf3 Bg4 7. O-O e6 8. h3 Bh5 9. Bg5 Be7 10. Bxe7 Ngxe7 11. Nbd2 O-O 12. Re1 Bg6 13. Bxg6 Nxg6 14. Nf1 b5 15. a3 a5 16. Rc1 Qd6 17. Ne3 Rfd8 18. g3 Rab8 19. h4 h6 20. h5 Nge7 21. Qd3 b4 22. axb4 axb4 23. c4 dxc4 24. Nxc4 Qd5 25. Rcd1 Qxh5 26. Nce5 Nxe5 27. Rxe5 Qg6 28. Qe2 Nd5 29. Nh4 Qf6 30. Ng2 Rbc8 31. Ne3 Nxe3 32. Qxe3 Rc2 33. Rb1 Qg6 34. Re4 Rdc8 35. Kg2 Qf5 36. Rf4 Rxf2+ 37. Rxf2 Qxb1 38. Qd2 Qe4+ 39. Kh2 Rc4 0-1


[Site "https://www.chess.com"]

[Event "Titled Tuesday Blitz October 11 Early 2022"]
[White "Di Nicolantonio, Lucas"]
[Black "Urazayev, Arystanbek"]
[WhiteFideId "680460"]
[BlackFideId "13709810"]
[WhiteElo "2381"]
[BlackElo "2441"]
[Result "0-1"]
[Round "11"]
[TimeControl "180+1"]
[Date "2022.10.11"]
[WhiteClock "0:00:49"]
[BlackClock "0:01:29"]

1. Nf3 d5 2. e3 c5 3. b3 Nf6 4. Bb2 e6 5. c4 Be7 6. cxd5 exd5 7. d4 O-O 8. Be2 Nc6 9. O-O Re8 10. Nc3 Ne4 11. dxc5 Bf6 12. Qc1 Nxc3 13. Bxc3 d4 14. Rd1 dxc3 15. Rxd8 Rxd8 16. a3 Be6 17. b4 c2 18. h3 Bxa1 19. Qxa1 Bc4 20. Qc3 Rd1+ 21. Kh2 c1=Q 0-1


[Site "https://www.chess.com"]

[Event "Titled Tuesday Blitz October 11 Early 2022"]
[White "Donchenko, Alexander"]
[Black "Zhao, Jun"]
[WhiteFideId "24603295"]
[BlackFideId "8602522"]
[WhiteElo "2572"]
[BlackElo "2547"]
[Result "1-0"]
[Round "11"]
[TimeControl "180+1"]
[Date "2022.10.11"]
[WhiteClock "0:01:18"]
[BlackClock "0:00:02"]

1. Nf3 d5 2. g3 Bg4 3. Bg2 c6 4. h3 Bh5 5. O-O Nd7 6. d4 e6 7. c4 Ngf6 8. cxd5 exd5 9. Nh4 Bg6 10. Nc3 Be7 11. Nxg6 hxg6 12. Rb1 a5 13. a3 Nb6 14. Na4 O-O 15. Bf4 Nfd7 16. Qc2 Nxa4 17. Qxa4 Nb6 18. Qc2 a4 19. h4 Re8 20. e3 Nc4 21. Rfe1 b5 22. e4 Qd7 23. Rbd1 b4 24. axb4 Bxb4 25. Re2 Bf8 26. Ra1 a3 27. bxa3 Rxa3 28. Rxa3 Nxa3 29. Qd3 dxe4 30. Rxe4 Rd8 31. Bg5 Rb8 32. Re1 Nb5 33. d5 cxd5 34. Rb1 Bd6 35. Qxd5 Qe8 36. Rxb5 Qxb5 37. Qxd6 Re8 38. Be3 Qe5 39. Qxe5 Rxe5 40. Bf3 Ra5 41. Kg2 Rb5 42. Be2 Rd5 43. Bc4 Re5 44. Kf3 Rf5+ 45. Ke4 Ra5 46. Bd5 Ra4+ 47. Ke5 Ra5 48. Kd6 Ra6+ 49. Ke7 Rf6 50. f4 Rf5 51. Bc4 Rf6 52. Bd4 Rf5 53. Be5 Kh7 54. Bxf7 Rh5 55. Be6 Kh8 56. Kf7 Kh7 57. Bg4 1-0


[Site "https://www.chess.com"]

[Event "Titled Tuesday Blitz October 11 Early 2022"]
[White "Dushyant Sharma"]
[Black "Sanchez, Robert"]
[WhiteFideId "25065130"]
[BlackFideId "2034360"]
[WhiteElo "2270"]
[BlackElo "2431"]
[Result "1-0"]
[Round "11"]
[TimeControl "180+1"]
[Date "2022.10.12"]
[WhiteClock "0:00:05"]
[BlackClock "0:00:08"]

1. e4 e6 2. Nf3 c5 3. d4 cxd4 4. Nxd4 a6 5. Nc3 Qc7 6. f4 Bb4 7. Nf3 Nf6 8. Bd3 d6 9. O-O Bc5+ 10. Kh1 Ng4 11. Qe1 b5 12. a3 Qa7 13. Bd2 Nf2+ 14. Rxf2 Bxf2 15. Qe2 Bb7 16. e5 d5 17. Bxb5+ axb5 18. Nxb5 Ba6 19. Nd6+ Kf8 20. c4 Bxc4 21. Nxc4 dxc4 22. Bb4+ Kg8 23. f5 Nc6 24. Bd6 c3 25. bxc3 h6 26. f6 g6 27. Qe4 Na5 28. Rf1 Rc8 29. Bb4 Nc4 30. h4 Qe3 31. Qg4 Qe2 32. Rb1 Ne3 33. Qh3 Nf5 34. Be7 Ng3+ 35. Kh2 Nf1+ 36. Kh1 Ng3+ 37. Kh2 Nf5 38. h5 Ng3 39. hxg6 fxg6 40. Qxe6+ 1-0


[Site "https://www.chess.com"]

[Event "Titled Tuesday Blitz October 11 Early 2022"]
[White "Dwilewicz, Katarzyna"]
[Black "Johnson, Ben"]
[WhiteFideId "1148486"]
[BlackFideId "2010917"]
[WhiteElo "2023"]
[BlackElo "2224"]
[Result "1-0"]
[Round "11"]
[TimeControl "180+1"]
[Date "2022.10.12"]
[WhiteClock "0:00:49"]
[BlackClock "0:00:03"]

1. e4 c5 2. Nc3 Nc6 3. Bb5 Nd4 4. Bc4 e6 5. Nf3 Ne7 6. O-O d5 7. exd5 exd5 8. Nxd4 dxc4 9. Nf3 Bg4 10. h3 Bh5 11. Qe2 a6 12. Qxc4 Bxf3 13. gxf3 Rc8 14. Re1 b5 15. Qe4 Qd6 16. d3 f6 17. Bf4 Qd7 18. Kg2 Kf7 19. Re2 g5 20. Bd2 Nf5 21. Rae1 Nh4+ 22. Kh2 Bd6+ 23. f4 Rce8 24. Qd5+ Kg7 25. Rxe8 Rxe8 26. Rxe8 Qxe8 27. Qxd6 Nf3+ 28. Kg3 Nxd2 29. Nd5 Qf7 30. Qe7 gxf4+ 31. Kxf4 Qxe7 32. Nxe7 Kf7 33. Nd5 Ke6 34. Nc7+ Kd6 35. Nxa6 c4 36. Ke3 1-0


[Site "https://www.chess.com"]

[Event "Titled Tuesday Blitz October 11 Early 2022"]
[White "Fernandez Hernandez, Gerardo"]
[Black "Haukenfrers, Dale"]
[WhiteFideId "2207400"]
[BlackFideId "2603780"]
[WhiteElo "2143"]
[BlackElo "1969"]
[Result "1-0"]
[Round "11"]
[TimeControl "180+1"]
[Date "2022.10.12"]
[WhiteClock "0:00:15"]
[BlackClock "0:00:56"]

1. e4 c6 2. Ne2 d6 3. d4 Nf6 4. Nbc3 Bd7 5. h3 e5 6. g4 h6 7. Bg2 Qc7 8. Be3 b5 9. Ng3 a6 10. O-O c5 11. d5 g6 12. Qd2 Bg7 13. a4 b4 14. Nce2 a5 15. f4 exf4 16. Bxf4 Ng8 17. e5 Na6 18. exd6 Qb6 19. Qe3+ Kf8 20. b3 Re8 21. Qf2 Qd8 22. Bg5 f6 23. Be3 Qc8 24. Rae1 c4 25. Nf4 Kf7 26. Be4 Bxg4 27. Bxg6+ Kf8 28. Bxe8 Qxe8 29. hxg4 Kf7 30. Nf5 c3 31. Bd4 Qd7 32. Ne6 h5 33. Nfxg7 hxg4 34. Bxf6 Kg6 35. Qf5+ Kf7 36. Be5+ Nf6 37. Qxf6+ Kg8 38. Qf8+ Kh7 39. Qf5+ Kg8 40. Nf8 Nc5 41. Nxd7 Nxd7 42. Qxd7 g3 43. Qg4 g2 44. Qxg2 Rh6 45. Ne6+ Kh7 46. Qg7# 1-0


[Site "https://www.chess.com"]

[Event "Titled Tuesday Blitz October 11 Early 2022"]
[White "Fernandez Siles, Luis"]
[Black "Fajdetic, Hrvoje"]
[WhiteFideId "2209420"]
[BlackFideId "14501945"]
[WhiteElo "2186"]
[BlackElo "2172"]
[Result "0-1"]
[Round "11"]
[TimeControl "180+1"]
[Date "2022.10.12"]
[WhiteClock "0:00:26"]
[BlackClock "0:00:36"]

1. d4 Nf6 2. c4 e5 3. dxe5 Ng4 4. e3 Nxe5 5. Nh3 Bb4+ 6. Bd2 Bxd2+ 7. Qxd2 O-O 8. Nf4 Nbc6 9. Be2 d6 10. O-O Bf5 11. Nc3 h6 12. Nfd5 Ne7 13. e4 Bh7 14. f4 N5c6 15. f5 f6 16. Nf4 Qd7 17. Ne6 Rfc8 18. Rf3 Kh8 19. Rg3 Rg8 20. Rf1 Nd8 21. Nd5 Nxe6 22. fxe6 Qxe6 23. Nxc7 Qxe4 24. Nxa8 Nf5 25. Rxf5 Qxf5 26. Qxd6 Rxa8 27. Bd3 Qa5 28. b4 Qb6+ 29. c5 Qxb4 30. Qe7 Qd4+ 0-1


[Site "https://www.chess.com"]

[Event "Titled Tuesday Blitz October 11 Early 2022"]
[White "Gabdrakhmanov, Azat"]
[Black "Durarbayli, Vasif"]
[WhiteFideId "34189197"]
[BlackFideId "13402935"]
[WhiteElo "2233"]
[BlackElo "2586"]
[Result "0-1"]
[Round "11"]
[TimeControl "180+1"]
[Date "2022.10.11"]
[WhiteClock "0:00:09"]
[BlackClock "0:01:29"]

1. e4 g6 2. d4 Bg7 3. Nc3 d6 4. f4 Nd7 5. Nf3 e5 6. fxe5 dxe5 7. Bg5 Bf6 8. Be3 exd4 9. Bxd4 c6 10. Bc4 Nb6 11. Bb3 Bg4 12. e5 Bh4+ 13. g3 Be7 14. O-O Nh6 15. e6 f6 16. Bxb6 Qxb6+ 17. Qd4 Bc5 0-1


[Site "https://www.chess.com"]

[Event "Titled Tuesday Blitz October 11 Early 2022"]
[White "Gabrielian, Artur"]
[Black "Samant Aditya S"]
[WhiteFideId "4131002"]
[BlackFideId "35080580"]
[WhiteElo "2432"]
[BlackElo "2367"]
[Result "0-1"]
[Round "11"]
[TimeControl "180+1"]
[Date "2022.10.12"]
[WhiteClock "0:00:06"]
[BlackClock "0:00:35"]

1. d4 Nf6 2. c4 e6 3. Nc3 Bb4 4. e3 O-O 5. Bd3 d5 6. a3 Bxc3+ 7. bxc3 dxc4 8. Bxc4 c5 9. Nf3 Qc7 10. Bd3 cxd4 11. cxd4 Qc3+ 12. Qd2 Qxa1 13. O-O b6 14. Ne5 Ba6 15. Nc4 Rc8 16. Nd6 Bxd3 17. Nxc8 Bxf1 18. Ne7+ Kh8 19. Bb2 Qb1 20. h3 Nc6 21. Nxc6 Bb5+ 0-1


[Site "https://www.chess.com"]

[Event "Titled Tuesday Blitz October 11 Early 2022"]
[White "Hansen, Eric"]
[Black "Aloma Vidal, Robert"]
[WhiteFideId "2606771"]
[BlackFideId "2260409"]
[WhiteElo "2568"]
[BlackElo "2435"]
[Result "1-0"]
[Round "11"]
[TimeControl "180+1"]
[Date "2022.10.11"]
[WhiteClock "0:00:12"]
[BlackClock "0:00:05"]

1. d4 d5 2. c4 c6 3. Nc3 Nf6 4. Nf3 e6 5. e3 Nbd7 6. Qc2 a5 7. Bd3 dxc4 8. Bxc4 b5 9. Bd3 Bb7 10. e4 b4 11. Na4 Rc8 12. e5 Nd5 13. O-O c5 14. Bg5 Be7 15. Bxe7 Qxe7 16. Bb5 cxd4 17. Qe4 O-O 18. Rac1 Nc5 19. Qxd4 Nxa4 20. Bxa4 h6 21. h4 Rfd8 22. Rxc8 Rxc8 23. Qa7 Qc7 24. Bb3 Nf4 25. Qe3 Ng6 26. h5 Ne7 27. Nd4 Qc5 28. Nxe6 fxe6 29. Bxe6+ Kh8 30. Bxc8 Qxc8 31. f3 Qe6 32. Rd1 Bd5 33. b3 Nf5 34. Qc5 Ne7 35. Qd6 Qf7 36. e6 Bxe6 37. Re1 Nf5 38. Qxe6 Qxh5 39. Qc8+ Kh7 40. g4 Qh4 41. Qxf5+ g6 42. Qf7+ Kh8 43. Re8# 1-0


[Site "https://www.chess.com"]

[Event "Titled Tuesday Blitz October 11 Early 2022"]
[White "Hartikainen, Jarmo"]
[Black "Skibbe, Willi"]
[WhiteFideId "503134"]
[BlackFideId "4682190"]
[WhiteElo "2164"]
[BlackElo "2333"]
[Result "0-1"]
[Round "11"]
[TimeControl "180+1"]
[Date "2022.10.12"]
[WhiteClock "0:00:09"]
[BlackClock "0:00:03"]

1. e4 e5 2. Nf3 Nc6 3. Bc4 Bc5 4. c3 Nf6 5. d4 exd4 6. b4 Bb6 7. e5 Ne4 8. b5 Na5 9. Bd5 Nxc3 10. Nxc3 dxc3 11. O-O O-O 12. Bg5 Qe8 13. a4 c6 14. Ba2 d5 15. exd6 cxb5 16. axb5 Be6 17. Be7 Bxa2 18. Rxa2 Qxb5 19. Qc2 Rfe8 20. Qxc3 Qb3 21. Qa1 Qe6 22. Rxa5 Bxa5 23. Qxa5 a6 24. Re1 Qd7 25. Qh5 h6 26. h4 a5 27. Ne5 Qe6 28. Re3 a4 29. Rg3 a3 30. Ng4 Kh7 31. Bf6 a2 32. Ba1 Qe1+ 33. Kh2 Qxa1 34. Qf5+ Kh8 35. Qxf7 Qd4 36. Nxh6 a1=Q 37. Nf5 Qf6 38. Qh5+ Kg8 39. Nh6+ Kh7 40. Ng4+ Kg8 41. Nxf6+ Qxf6 42. Qg4 Qe5 43. h5 Rad8 44. Kh3 Rxd6 45. h6 Rxh6+ 0-1


[Site "https://www.chess.com"]

[Event "Titled Tuesday Blitz October 11 Early 2022"]
[White "Horak, Martin"]
[Black "Urbina Perez, Juan Antonio"]
[WhiteFideId "367095"]
[BlackFideId "2217368"]
[WhiteElo "2091"]
[BlackElo "2197"]
[Result "1/2-1/2"]
[Round "11"]
[TimeControl "180+1"]
[Date "2022.10.12"]
[WhiteClock "0:00:10"]
[BlackClock "0:01:18"]

1. e4 c5 2. Nf3 e6 3. d4 cxd4 4. Nxd4 Bc5 5. Nb3 Bb6 6. Nc3 Ne7 7. Bd3 O-O 8. Qe2 f5 9. O-O Nbc6 10. exf5 Nxf5 11. Bxf5 Rxf5 12. Be3 d5 13. Rad1 Bd7 14. Bxb6 Qxb6 15. Na4 Qc7 16. Nac5 Re8 17. c3 Bc8 18. Nd4 Rf6 19. Nxc6 bxc6 20. Nd3 e5 21. f4 Ba6 22. fxe5 Bxd3 23. Rxd3 Rxf1+ 24. Kxf1 Rxe5 25. Re3 Rxe3 26. Qxe3 Qf7+ 27. Ke2 h6 28. h3 Qg6 29. Kf2 Qf5+ 30. Qf3 Qb1 31. Qe2 Qxa2 32. Qe6+ Kh8 33. Qc8+ Kh7 34. Qf5+ Kg8 35. Qe6+ Kf8 36. Qc8+ Kf7 37. Qd7+ Kf8 38. Qc8+ Ke7 39. Qc7+ Kf8 40. Qc8+ 1/2-1/2


[Site "https://www.chess.com"]

[Event "Titled Tuesday Blitz October 11 Early 2022"]
[White "Ianov, Viktor"]
[Black "Sowul, Bartosz"]
[WhiteFideId "14102730"]
[BlackFideId "1137590"]
[WhiteElo "2152"]
[BlackElo "2188"]
[Result "0-1"]
[Round "11"]
[TimeControl "180+1"]
[Date "2022.10.12"]
[WhiteClock "0:00:05"]
[BlackClock "0:00:13"]

1. Nf3 c5 2. g3 Nc6 3. Bg2 e5 4. c4 Nge7 5. Nc3 g6 6. d3 Bg7 7. Bg5 h6 8. Bxe7 Nxe7 9. O-O O-O 10. a3 d5 11. cxd5 Nxd5 12. Rc1 Nxc3 13. bxc3 Qa5 14. Qb3 Be6 15. c4 Rab8 16. a4 a6 17. Qc2 Bd7 18. Nd2 Qxa4 19. Ne4 Qa5 20. Ra1 Qc7 21. Nc3 Be6 22. Nd5 Bxd5 23. Bxd5 e4 24. Ra2 exd3 25. Qxd3 Kh7 26. h4 h5 27. Qf3 Kh8 28. Rb1 b5 29. Rxa6 b4 30. e3 Rb6 31. Rxb6 Qxb6 32. Qd1 Qa5 33. Kg2 Rd8 34. Qc2 Rd7 35. Qe4 Qd8 36. g4 hxg4 37. Qxg4 Rxd5 38. cxd5 Qxd5+ 39. Qf3 Qe6 40. h5 b3 41. Rh1 g5 42. Rd1 Bf6 43. Qb7 b2 0-1


[Site "https://www.chess.com"]

[Event "Titled Tuesday Blitz October 11 Early 2022"]
[White "Ibarra Jerez, Jose Carlos"]
[Black "Carlsen, Magnus"]
[WhiteFideId "2226332"]
[BlackFideId "1503014"]
[WhiteElo "2627"]
[BlackElo "2830"]
[Result "0-1"]
[Round "11"]
[TimeControl "180+1"]
[Date "2022.10.11"]
[WhiteClock "0:00:02"]
[BlackClock "0:00:13"]

1. e4 g5 2. d4 h6 3. c3 d6 4. f4 e5 5. dxe5 dxe5 6. Qxd8+ Kxd8 7. fxg5 hxg5 8. Bxg5+ f6 9. Be3 Bh6 10. Bxh6 Nxh6 11. Nd2 Ke7 12. Ngf3 Nf7 13. O-O-O Nd7 14. g3 Nc5 15. Nh4 Rh6 16. b4 Na4 17. Kc2 a5 18. a3 Nd6 19. Bd3 Be6 20. Rhf1 c5 21. bxc5 Nxc5 22. Rb1 Rxh4 23. gxh4 Rh8 24. Nf3 Bd7 25. Rg1 Bc6 26. Rg7+ Ke6 27. Rbg1 Nxd3 28. Kxd3 Bxe4+ 29. Ke2 Bxf3+ 30. Kxf3 Rxh4 31. R1g2 Ra4 32. Rc7 Nf5 33. Rb2 Nd6 34. Rb6 Rxa3 35. h4 a4 36. h5 Rb3 37. Rcxb7 Rxc3+ 38. Kg2 Rc2+ 39. Kg1 a3 40. Ra7 a2 41. Rba6 Kf5 42. Rxa2 Rc1+ 43. Kg2 Ne4 44. h6 Rc8 45. Ra8 Rxa8 46. Rxa8 Kg6 47. Rh8 Ng5 48. Kg3 Nf7 49. Rg8+ Kxh6 50. Kg4 Kh7 51. Ra8 Nh6+ 52. Kh5 Nf5 53. Ra7+ Ng7+ 54. Kg4 Kg6 55. Re7 f5+ 56. Kf3 Kf6 57. Ra7 Nh5 58. Ra8 Ng7 59. Rf8+ Ke7 60. Ra8 Ne6 61. Ra5 Kf6 62. Ke3 Ng5 63. Ra4 Kg6 64. Rh4 Nf7 65. Ra4 Kg5 66. Ra8 Nh6 67. Ra1 Ng4+ 68. Kd3 e4+ 69. Kd4 Nh2 70. Ke5 Nf3+ 71. Ke6 Kf4 72. Ra5 Nd4+ 73. Kf6 e3 74. Re5 e2 75. Re8 Kf3 76. Kg5 f4 77. Re7 Kg3 78. Re4 e1=Q 79. Rxe1 Nf3+ 80. Kf5 Nxe1 81. Ke4 f3 82. Ke3 f2 83. Ke2 Kg2 0-1


[Site "https://www.chess.com"]

[Event "Titled Tuesday Blitz October 11 Early 2022"]
[White "Ismayil, Malak"]
[Black "Blokhin, Sofia"]
[WhiteFideId "13412604"]
[BlackFideId "4508190"]
[WhiteElo "1879"]
[BlackElo "2005"]
[Result "1-0"]
[Round "11"]
[TimeControl "180+1"]
[Date "2022.10.12"]
[WhiteClock "0:00:56"]
[BlackClock "0:00:09"]

1. e4 c5 2. Nf3 Nc6 3. Bb5 d6 4. Bxc6+ bxc6 5. O-O e5 6. Re1 Nf6 7. c3 Bg4 8. h3 Bh5 9. d4 cxd4 10. cxd4 Bxf3 11. gxf3 Qc7 12. Bg5 Be7 13. Nc3 h6 14. Bxf6 Bxf6 15. d5 c5 16. Rc1 O-O 17. Kh1 Qd7 18. Kg2 Bg5 19. Rc2 f5 20. Ne2 fxe4 21. fxe4 Qf7 22. Ng3 Qf4 23. Qg4 Qxg4 24. hxg4 g6 25. f3 Rab8 26. b3 Rf7 27. Rf1 Bf4 28. Ne2 Be3 29. Rc4 a5 30. Nc3 Bd4 31. Nb1 Rb4 32. Nd2 a4 33. Rxb4 cxb4 34. Nc4 axb3 35. axb3 Bc5 36. Ra1 Kg7 37. Ra6 Rd7 38. Rc6 Kh7 39. Nxe5 Ra7 40. Nd3 Ra2+ 41. Kh3 Rb2 42. Nxc5 dxc5 43. Rxc5 Rxb3 44. d6 Rd3 45. Rc7+ Kg8 46. d7 b3 47. Rc8+ Kf7 48. d8=Q Rxd8 49. Rxd8 b2 50. Rb8 1-0


[Site "https://www.chess.com"]

[Event "Titled Tuesday Blitz October 11 Early 2022"]
[White "Jovic, Stanoje"]
[Black "Mirzoev, Azer"]
[WhiteFideId "905020"]
[BlackFideId "13400304"]
[WhiteElo "2238"]
[BlackElo "2525"]
[Result "0-1"]
[Round "11"]
[TimeControl "180+1"]
[Date "2022.10.12"]
[WhiteClock "0:00:01"]
[BlackClock "0:00:57"]

1. c4 e5 2. g3 Nc6 3. Bg2 h5 4. Nc3 h4 5. d3 Bc5 6. Ne4 Bb4+ 7. Bd2 Bxd2+ 8. Qxd2 d6 9. h3 hxg3 10. fxg3 Nf6 11. Ng5 Qe7 12. e4 Bd7 13. N1f3 O-O-O 14. b4 Nh5 15. b5 Nd4 16. Nxd4 exd4 17. g4 Nf6 18. Nf3 d5 19. g5 Nxe4 20. dxe4 dxe4 21. Nxd4 e3 22. Qb2 Qxg5 23. O-O Rxh3 24. Nf3 Qg3 25. Qe5 Rdh8 26. Qxg3 Rxg3 27. Rae1 Bh3 28. Re2 f5 29. Ne5 g5 30. Nf7 Rh7 31. Ne5 f4 32. Nf3 Bg4 33. Rfe1 c5 34. Nh2 Bxe2 35. Rxe2 g4 0-1


[Site "https://www.chess.com"]

[Event "Titled Tuesday Blitz October 11 Early 2022"]
[White "Kaidanov, Gregory"]
[Black "Timofeev, Artyom"]
[WhiteFideId "2008564"]
[BlackFideId "4140419"]
[WhiteElo "2661"]
[BlackElo "2579"]
[Result "0-1"]
[Round "11"]
[TimeControl "180+1"]
[Date "2022.10.11"]
[WhiteClock "0:00:09"]
[BlackClock "0:00:40"]

1. Nf3 Nf6 2. g3 g6 3. b3 Bg7 4. Bb2 O-O 5. Bg2 d6 6. d4 Ne4 7. O-O c5 8. c4 Nc6 9. Nbd2 Bf5 10. Nh4 Nxd2 11. Qxd2 Nxd4 12. Nxf5 Nxf5 13. Bxg7 Kxg7 14. Bxb7 Rb8 15. Bg2 a5 16. e3 Qb6 17. Rab1 Qb4 18. Qb2+ Kg8 19. a3 Qb6 20. Qc3 Ng7 21. Rb2 Qc7 22. f4 e6 23. Rd1 Rfd8 24. Be4 h5 25. Rbd2 Qb6 26. Bc2 Ne8 27. e4 Qc7 28. h3 Ra8 29. g4 h4 30. Rf1 Qe7 31. g5 Ng7 32. Qe3 Nh5 33. Qf3 e5 34. fxe5 dxe5 35. Rg2 Nf4 36. Rg4 Rd2 37. Bd1 Rad8 38. Rxh4 Qd7 39. Rxf4 exf4 40. Qxf4 Rxd1 0-1


[Site "https://www.chess.com"]

[Event "Titled Tuesday Blitz October 11 Early 2022"]
[White "Kalajzic, Ivan"]
[Black "Manon-og, Ramon Jr."]
[WhiteFideId "14506378"]
[BlackFideId "5200776"]
[WhiteElo "2163"]
[BlackElo "2252"]
[Result "1-0"]
[Round "11"]
[TimeControl "180+1"]
[Date "2022.10.12"]
[WhiteClock "0:01:45"]
[BlackClock "0:01:29"]

1. d4 Nf6 2. Nc3 g6 3. e4 d5 4. e5 Ne4 5. Bd3 Nxc3 6. bxc3 Bg7 7. f4 O-O 8. Ne2 c5 9. Ng3 c4 10. Be2 e6 11. h4 Nc6 12. h5 Ne7 13. h6 Bh8 14. Be3 f6 15. Qd2 fxe5 16. fxe5 Qa5 17. Bg5 Nf5 18. Nf1 Rf7 19. g4 Ne7 20. Ne3 Bd7 21. Bxe7 Rxe7 22. O-O Rf8 23. g5 Ref7 24. Rxf7 Rxf7 25. Ng4 Rf5 26. Nf6+ Bxf6 27. exf6 Qc7 28. Kg2 Kf7 29. Bg4 Rf3 30. Bxf3 1-0


[Site "https://www.chess.com"]